 Dungeon Crawl Stone Soup version 0.23.2-1-ga50397a (webtiles) character file.

Game seed: 5976684285141544330

199 Fang the Skirmisher (level 5, -5/34 HPs)
             Began as a Gargoyle Berserker on Apr 26, 2019.
             Was a Believer of Trog.
             Slain by Sigmund
             ... wielding a +0 scythe
              (12 damage)
             ... on level 2 of the Dungeon.
             The game lasted 00:01:07 (1757 turns).

Fang the Skirmisher (Gargoyle Berserker)            Turns: 1757, Time: 00:01:08

Health: -5/34      AC:  6    Str: 22    XL:     5   Next: 77%
Magic:  5/5        EV: 12    Int:  7    God:    Trog [**....]
Gold:   142        SH:  0    Dex:  9    Spells: 4/4 levels left

rFire    . . .     SeeInvis .   a - +0 hand axe
rCold    . . .     Gourm    .   (no shield)
rNeg     + . .     Faith    .   b - +0 animal skin
rPois    ∞         Spirit   .   (no helmet)
rElec    +         Reflect  .   (no cloak)
rCorr    .         Harm     .   (no gloves)
MR       .....                  (no boots)
Stlth    +.........             (no amulet)
HPRegen  0.11/turn              (no ring)
MPRegen  0.09/turn              (no ring)

@: confused, berserk cooldown, starving, slowed, very slow
A: negative energy resistance 1, electricity resistance, unbreathing,
petrification resistance, rot immunity, AC +4
a: Berserk, Trog's Hand, Renounce Religion


You were on level 2 of the Dungeon.
You worshipped Trog.
Trog was pleased with you.
You were starving.

You visited 1 branch of the dungeon, and saw 2 of its levels.

You collected 142 gold pieces.

Inventory:

Hand Weapons
 a - a +0 hand axe (weapon)
Armour
 b - a +0 animal skin (worn)
Scrolls
 d - a scroll of magic mapping {unknown}
 e - a scroll of random uselessness {unknown}
 f - 3 scrolls of teleportation {unknown}
 g - a scroll of enchant weapon {unknown}
 h - a scroll of immolation {unknown}
 k - 2 scrolls of identify {unknown}
Potions
 i - 3 potions of heal wounds {unknown}
 j - a potion of lignification {unknown}
 l - a potion of mutation {unknown}
Comestibles
 c - 4 rations


   Skills:
 + Level 4.4 Fighting
 + Level 3.6 Axes
 + Level 3.6 Armour
 + Level 2.7 Dodging


You had 4 spell levels left.
You didn't know any spells.
Your spell library was empty.

Dungeon Overview and Level Annotations

Branches:
Dungeon (2/15)

Altars:
Gozag

Annotations:
D:2 Sigmund


Innate Abilities, Weirdness & Mutations

You are resistant to torment.
Your stone body is resilient. (AC +4)
You are immune to poison.
You resist negative energy. (rN+)
You are resistant to electric shocks. (rElec)
You can survive without breathing.
You are immune to petrification.
You are immune to rotting.


Message History

Sigmund barely misses you. Sigmund casts a spell at you.
You resist with some effort.
You bump into the rock wall.
Sigmund gestures wildly while chanting.
Sigmund flickers and vanishes!
Deactivating autopickup; reactivate with Ctrl-A.
Something hits you!
* * * LOW HITPOINT WARNING * * *
You hear some strange, mumbled words.
You are more confused.
You miss something.
You hear some strange, mumbled words.
A puff of flame appears from out of thin air!
The puff of flame misses you.
You completely miss something.
You hear some strange, mumbled words.
Something tries to affect you, but you resist.
Something hits you!
You die...

#.#####.# ##.#
#.......###..#
##............#
#.......####..#
###.......#
#..#
#.........#
#...#
#.###.#####
#...#
#...##########
#.#.@{..# #>##
...####### ...8
#...# #$..#
#...# #....
#...#


There were no monsters in sight!

Vanquished Creatures
  An ogre (D:2)
  Natasha (twice) (D:2)
  2 adders (D:2)
  2 oozes
  2 leopard geckos (D:2)
  A giant cockroach (D:2)
  3 goblins
  4 hobgoblins
  4 jackals (D:1)
  4 kobolds
  11 bats
  A frilled lizard (D:1)
  3 rats (D:1)
40 creatures vanquished.

Notes
Turn   | Place    | Note
-------+----------+-------------------------------------------
     0 | D:1      | Fang the Gargoyle Berserker began the quest for the Orb.
     0 | D:1      | Reached XP level 1. HP: 14/14 MP: 1/1
    69 | D:1      | Reached XP level 2. HP: 12/19 MP: 2/2
   502 | D:1      | Reached XP level 3. HP: 18/23 MP: 3/3
   761 | D:2      | Noticed an ogre
   770 | D:2      | Killed an ogre
   770 | D:2      | Reached skill level 4 in Fighting
   770 | D:2      | Reached XP level 4. HP: 27/29 MP: 4/4
   770 | D:2      | Reached XP level 5. HP: 31/33 MP: 5/5
   771 | D:2      | Reached ** piety under Trog
  1057 | D:2      | Noticed Natasha
  1066 | D:2      | Killed Natasha
  1164 | D:2      | Found an opulent altar of Gozag.
  1235 | D:2      | Noticed Natasha
  1248 | D:2      | HP: 1/34 [Natasha (5)]
  1251 | D:2      | Killed Natasha
  1726 | D:2      | Noticed Sigmund
  1757 | D:2      | Slain by Sigmund

Skill      XL: |  1  2  3 |
---------------+----------+-----
Axes           | 3 |  3.6
Dodging        | 2 |  2.7
Fighting       | 4 |  4.4
Armour         | 3 |  3.6

Action                   |  1- 3 |  4- 6 || total
-------------------------+-------+-------++-------
Melee: Hand axe          |    54 |    69 ||   123
Invok: Berserk           |     1 |     2 ||     3
  Eat: Chunk             |       |     3 ||     3
Armor: Animal skin       |    32 |    29 ||    61
Dodge: Dodged            |    49 |    50 ||    99
